[Event "US Masters 2024"]
[Site "Charlotte"]
[Date "2024.11.29"]
[Round "3.21"]
[White "Tari, Aryan"]
[Black "De Silva, L M S T"]
[Result "1/2-1/2"]
[ECO "C84"]
[WhiteElo "2628"]
[BlackElo "2370"]
[Annotator "TA"]
[PlyCount "41"]
[EventDate "2024.09.23"]
[EventType "swiss"]
[EventCountry "USA"]
[SourceTitle "playchess.com"]
[Source "ChessBase"]
[SourceQuality "1"]
[TimeControl "5400+30"]

1. e4 e5 2. Nf3 Nc6 3. Bb5 a6 4. Ba4 Nf6 5. O-O b5 6. Bb3 Be7 7. d3 O-O 8. a4 Rb8 9. axb5 axb5 10. Nc3 d6 11. h3 h6 12. Be3 Re8 13. Qd2 Be6 {[%emt 0:11:09] White is slightly better.} 14. Bxe6 fxe6 15. Ne2 Qd7 16. Ng3 Ra8 17. c3 Na5 {[%emt 0:06:14] [#] ...Nb3 would now be deadly.} 18. Bxh6 {[%emt 0:16:00][%cal Ob2b4] b4! is the strong threat.} Nh7 {[%emt 0:30:59] The position is equal.} 19. Ra3 {[%emt 0:08:16][%cal Og3h5] Hoping for Nh5!} gxh6 20. Qxh6 {[%emt 0:02:52] aiming for Rfa1.} Nc6 $1 21. Nh5 {[%emt 0:16:38] Weighted Error Value: White=0.09 (flawless) /Black=0.04 (flawless) .  Inaccurate:     	White=1     	---        OK:         	White=3     	Black=2      Best:        	---       	Black=1      Strong:       	---       	Black=1} 1/2-1/2

[Event "US Masters 2024"]
[Site "Charlotte"]
[Date "2024.11.29"]
[Round "3.22"]
[White "Stefanov, Emil"]
[Black "Durarbayli, Vasif"]
[Result "0-1"]
[ECO "D46"]
[WhiteElo "2362"]
[BlackElo "2626"]
[Annotator "TA"]
[PlyCount "64"]
[EventDate "2024.09.23"]
[EventType "swiss"]
[EventCountry "USA"]
[SourceTitle "playchess.com"]
[Source "ChessBase"]
[SourceQuality "1"]
[TimeControl "5400+30"]

1. d4 Nf6 2. c4 e6 3. Nf3 d5 4. Nc3 c6 5. e3 Nbd7 6. Qc2 Bd6 7. Bd3 dxc4 8. Bxc4 b5 9. Bd3 Bb7 10. e4 {[%emt 0:01:02] Black must now prevent e5.} e5 $1 11. Bg5 {[%emt 0:00:15] The position is equal.} h6 12. Bh4 Qc7 13. O-O-O O-O 14. Rhf1 (14. Kb1 $14) 14... exd4 $11 15. Nxd4 Be5 16. Nde2 ({Better is} 16. Nf3 $11) 16... Bxc3 ({Don't play} 16... Bxh2 $6 17. f4 $14) (16... b4 $1 $15 17. f4 bxc3 18. fxe5 cxb2+ 19. Qxb2 Ng4 (19... Qxe5 20. Bxf6 gxf6 21. Ng3 $11)) 17. Qxc3 c5 18. Bxb5 {[%emt 0:03:40] f3 would now be deadly.} Bxe4 19. f3 (19. Qg3 {is more complex.} Qb7 20. Nc3 Rab8 21. Rd6) 19... Bh7 20. Bg3 Qb7 21. Qb3 {[%emt 0:14:38] And now Bxd7 would win.} c4 22. Bxc4 {[%emt 0:00:12] A strong pair of Bishops.} (22. Qxc4 $2 {loses.} Rac8 23. Nc3 Rxc4 $19) 22... Qc8 23. Nc3 $1 Nc5 24. Qa3 {[%emt 0:10:34] Black is weak on the dark squares} Qf5 $1 25. Rf2 {[%emt 0:00:04] Inhibits Qc2+.} Rfc8 (25... Rac8 $11) 26. Rfd2 $2 {[%emt 0:05:51][%mdl 8192] [#] Now White is beyond hope.} (26. Rdd2 $14 {stays ahead.}) 26... Nd5 $1 $19 {[%emt 0:03:13][%mdl 512] ...Nxc3 is the strong threat. Black is clearly winning.} 27. Bd3 (27. Nxd5 $2 Qb1#) (27. Bxd5 $2 {gets mated.} Nb3+ 28. axb3 Qb1#) (27. Qa5 Bg6) 27... Nxd3+ 28. Rxd3 Qg5+ 29. f4 (29. R3d2 $142 Nxc3 30. bxc3) 29... Nxf4 30. Bxf4 Qxf4+ 31. R3d2 Rab8 32. Re1 {[%emt 0:05:39] Dodges Qe3} Rd8 {[%emt 0:01:42] Weighted Error Value: White=1.05/Black=0.15 (very precise) .  Loses game:     	White=1     	---        Mistake:       	White=3     	Black=2      Inaccurate:     	White=2     	Black=3      OK:         	White=6     	Black=5      Best:        	White=1     	Black=2      Strong:       	White=1     	Black=2      Brilliant:      	---       	Black=1} 0-1

[Event "US Masters 2024"]
[Site "Charlotte"]
[Date "2024.11.29"]
[Round "3.23"]
[White "Sattaru, Sritej Sai"]
[Black "Canty, James"]
[Result "0-1"]
[ECO "B51"]
[WhiteElo "2016"]
[BlackElo "2189"]
[Annotator "RC"]
[PlyCount "96"]
[EventDate "2024.09.23"]
[EventType "swiss"]
[EventCountry "USA"]
[SourceTitle "playchess.com"]
[Source "ChessBase"]
[SourceQuality "1"]
[TimeControl "5400+30"]

1. e4 c5 2. Nf3 d6 3. Bb5+ Nd7 4. O-O a6 5. Bd3 Ngf6 6. c3 g6 7. Bc2 Bg7 8. d4 cxd4 9. cxd4 O-O 10. a4 b6 11. Nc3 Bb7 12. h3 Qc7 13. Be3 Rac8 14. Rc1 Qb8 15. Qd2 b5 16. d5 b4 17. Ne2 a5 18. Bb1 Nc5 19. Bxc5 dxc5 20. Bd3 c4 21. Rxc4 Rxc4 22. Bxc4 Nxe4 23. Qd3 Nd6 24. b3 Nxc4 25. Qxc4 Qd6 26. Rd1 Rc8 27. Qd3 Rc5 28. Qe3 Rxd5 29. Rxd5 Bxd5 30. Qd3 Bf6 31. Nd2 Kg7 32. Nf4 Qxf4 33. Qxd5 Bc3 34. Nc4 Qc1+ 35. Kh2 Qc2 36. Nxa5 Qxf2 37. Qe4 Bd2 38. Qe5+ Kh6 39. Qa1 Bf4+ 40. Kh1 e5 41. Nc4 e4 42. Ne5 Bxe5 43. Qxe5 e3 44. h4 Qxh4+ 45. Kg1 Qf2+ 46. Kh2 e2 47. a5 Qh4+ 48. Kg1 e1=Q+ 0-1

[Event "US Masters 2024"]
[Site "Charlotte"]
[Date "2024.11.29"]
[Round "3.24"]
[White "Belenkaya, Dina"]
[Black "Zhao, Erick"]
[Result "0-1"]
[ECO "E42"]
[WhiteElo "2151"]
[BlackElo "2387"]
[Annotator "TA"]
[PlyCount "90"]
[EventDate "2024.09.23"]
[EventType "swiss"]
[EventCountry "USA"]
[SourceTitle "playchess.com"]
[Source "ChessBase"]
[SourceQuality "1"]
[TimeControl "5400+30"]

1. d4 Nf6 2. c4 e6 3. Nc3 Bb4 4. e3 O-O 5. Bd3 d5 6. Nge2 dxc4 7. Bxc4 c5 8. a3 Bxc3+ 9. Nxc3 cxd4 10. exd4 Nc6 11. Be3 b6 12. O-O Bb7 13. Qd3 h6 14. Rad1 Qc7 15. Qe2 Ne7 16. Rc1 Rac8 17. Ba2 Qd7 {[%emt 0:03:14] Repels Nd5} 18. Rfd1 Ned5 19. Bb1 Rfd8 20. Bd2 (20. Nxd5 {simplifies} Nxd5 21. Bd2 Rxc1 22. Rxc1 Ne7 23. Bc3) 20... Nxc3 21. bxc3 Qd6 22. Bd3 a5 23. Rb1 Ba8 24. Qe3 ({White should play} 24. c4 $11) 24... e5 25. Qg3 (25. Re1 $11) 25... Be4 $17 (25... Qxa3 26. Bxh6 Qf8 27. Qxe5 $16 (27. Rxb6 Nd5 $14) (27. dxe5 Ne4 $16)) 26. Be3 $2 (26. dxe5 $2 Qxd3 27. f3 Nh5 $19 (27... Qxb1 $2 28. Rxb1 Nh5 29. Qe1 $19)) (26. Bxh6 $2 Nh5 (26... exd4 27. Qxg7#) 27. dxe5 Qxh6 $19) (26. Be1 $17) 26... Qe6 (26... Qxa3 27. dxe5 (27. Rxb6 Bxd3 28. Rxf6 Qb3 $17) (27. Bxh6 Qf8 $14) 27... Bxd3 (27... Nh5 $2 28. Qg4 $18) 28. exf6 $18) (26... Bxd3 $19 {has better winning chances.} 27. Rxd3 e4 (27... Qxa3 28. Bxh6 Nh5 29. Qxe5 $11) (27... Ne4 $2 28. Qg4 $19)) 27. f3 (27. Qxe5 $2 Qxe5 (27... Rxc3 28. Qxe6 fxe6 29. Bxe4 $11) 28. dxe5 Bxd3 $19) (27. Bxh6 $2 Nh5 (27... exd4 28. Qxg7#) 28. Qe3 Bxd3 (28... Rxc3 29. Qxe4 Qxh6 30. dxe5 $16) 29. Rxd3 Qxh6 $19 (29... gxh6 $2 30. Qd2 $19)) 27... Bxd3 (27... Rxc3 28. fxe4 exd4 29. Bxh6 $18) 28. Rxd3 e4 29. fxe4 (29. Bxh6 $2 Nh5 (29... exd3 30. Qxg7#) 30. Qh4 exd3 $19) 29... Nxe4 30. Qh4 (30. Qe1 $17) 30... Nc5 (30... Nxc3 $2 31. Rxc3 Rxc3 32. Qxd8+ $18) 31. d5 Qg6 32. Rdd1 Rxd5 $1 33. Rf1 (33. Ra1 {might work better.} Re5 34. Bd4) 33... Ne6 $19 34. c4 Rh5 35. Qf2 Rxc4 36. Rxb6 Rc2 37. Qf3 Kh7 38. a4 $2 (38. Qg3) 38... Re5 {[%emt 0:00:24][%cal Oe5e3] ( -> ...Rxe3!)} 39. Bf2 Ree2 {[%emt 0:01:49][%cal Oe6d4] Strongly threatening ...Nd4!.} ({Much less strong is} 39... Ng5 40. Qg3 f6 41. h4 $19) 40. h3 $2 (40. Kh1) 40... Red2 (40... Ng5 41. Qxe2 Rxe2 42. Rxg6 Kxg6 43. Bb6 $11) (40... Nd4 $142 41. Qb7 Qf5 42. Bxd4 Rxg2+ 43. Qxg2 Rxg2+ 44. Kxg2 Qe4+ 45. Rf3 Qxd4) 41. Qe3 Re2 42. Qf3 Ra2 ({Not} 42... Ng5 43. Qxe2 Rxe2 44. Rxg6 Kxg6 45. Bb6 $15) (42... Nd4 $142 43. Qb7 Qg5) 43. Kh1 Red2 44. h4 Qd3 45. Qxf7 $2 (45. Qxd3+ $19 Rxd3 46. Rb7) 45... Qxf1+ 0-1